 Dungeon Crawl Stone Soup version 0.28.0-53-g5a82cb258f (webtiles) character file.

Game seed: 13157028785192076840

53 issech the Chopper (level 3, 0/33 HPs)
             Began as a Minotaur Monk on June 5, 2022.
             Succumbed to an adder's poison
             ... on level 2 of the Dungeon.
             The game lasted 00:04:37 (1698 turns).

issech the Chopper (Minotaur Monk)                  Turns: 1698, Time: 00:04:37

Health: 0/33       AC:  2    Str: 15    XL:     3   Next: 64%
Magic:  2/2        EV: 13    Int:  7    God:
Gold:   99         SH:  0    Dex: 14    Spells: 2/2 levels left

rFire   . . .      SeeInvis .   a - +0 hand axe
rCold   . . .      Faith    .   (no shield)
rNeg    . . .      Spirit   .   b - +0 robe
rPois   .          Reflect  .   (helmet restricted)
rElec   .          Harm     .   (no cloak)
rCorr   .          Rampage  .   (no gloves)
Will    .....                   (no boots)
Stlth   ++........              (no amulet)
HPRegen 0.11/turn               n - ring of flight
MPRegen 0.08/turn               (no ring)

@: lethally poisoned (0 -> -3), flying
A: horns 2, retaliatory headbutt
a: no special abilities


You were on level 2 of the Dungeon.
You visited 1 branch of the dungeon, and saw 2 of its levels.

You collected 99 gold pieces.

Inventory:

Hand Weapons
 a - a +0 hand axe (weapon)
 i - a +0 hunting sling
Missiles
 d - 41 sling bullets
 e - 6 boomerangs (quivered)
 h - 13 stones
 k - 2 javelins
Armour
 b - a +0 robe (worn)
Jewellery
 g - a ring of ice
 n - a ring of flight (left hand)
Scrolls
 c - a scroll of enchant weapon {unknown}
 o - a scroll of magic mapping {unknown}
Potions
 f - a potion of curing {unknown}
 j - a potion of might {unknown}
 l - a potion of ambrosia {unknown}
 m - a potion of brilliance {unknown}
 p - a potion of attraction {unknown}


   Skills:
 + Level 4.2 Fighting
 + Level 4.5 Axes
 + Level 3.8 Dodging
 + Level 1.9 Stealth


You had 2 spell levels left.
You didn't know any spells.
Your spell library contained the following spells:

 Spells                   Type           Power      Damage    Failure   Level
 Blink                    Tloc           0%         N/A       56%         2
 Lesser Beckoning         Tloc           0%         N/A       80%         3
 Manifold Assault         Tloc           0%         N/A       100%        5


Dungeon Overview and Level Annotations

Branches:
Dungeon (2/15)

Altars:

Shops:
D:1 *


Innate Abilities, Weirdness & Mutations

You have a pair of horns on your head.
You reflexively headbutt those who attack you in melee.


Message History

You kill the worm!
A kobold comes into view. It is wielding a +0 dagger.
A frilled lizard comes into view.
Found a stone staircase leading up.
The adder bites you.
You are poisoned.
The adder poisons you! The adder bites you.
You are more poisoned.
The adder poisons you!
You feel very sick. The adder closely misses you.
You hit the adder.
The adder is lightly wounded.
You feel sick. The adder bites you.
You are more poisoned.
The adder poisons you!
You closely miss the adder. You headbutt the adder.
The adder is heavily wounded.
You feel very sick. The adder bites you.
You are more poisoned.
The adder poisons you! The adder bites you.
You hit the adder.
The adder is severely wounded.
* * * LOW HITPOINT WARNING * * *
You feel very sick. The adder bites you but does no damage.
* * * LOW HITPOINT WARNING * * *
You feel very sick. The adder misses you.
* * * LOW HITPOINT WARNING * * *
You feel sick. The frilled lizard misses you.
* * * LOW HITPOINT WARNING * * *
You feel sick.
* * * LOW HITPOINT WARNING * * *
You feel sick.
* * * LOW HITPOINT WARNING * * *
You feel sick. The adder barely misses you.
* * * LOW HITPOINT WARNING * * *
You feel sick.
You die...

#.....# #.....#
#.....### ### ..
...#.....#.. .. #.#
#..#...K.#.##.## #
#.#.#..#!....#.#...# #
#.#.#..#..#lS#.#...# #
#.#.#..####.##.#...# ##
#.#.#..# #.@......#
.####.#.#..#######.#.#.#
......#.#..............#
.####.#.#.#####..#.#.###
......#'#.##.....#.#.#
....#.....##.##.##.#.#
#.#.#.....## .....#.#
#...#.....##..#.####.#
##..#.........#.#


You could see a kobold and a frilled lizard.

Vanquished Creatures
  An adder (D:2)
  2 worms (D:2)
  A dart slug (D:2)
  4 ball pythons
  6 endoplasms
  3 giant cockroaches (D:1)
  2 goblins (D:1)
  A hobgoblin (D:1)
  3 jackals (D:1)
  2 quokkas
  4 bats
  A frilled lizard (D:1)
  2 kobolds
  2 rats
34 creatures vanquished.

Notes
Turn   | Place    | Note
-------+----------+-------------------------------------------
     0 | D:1      | issech the Minotaur Monk began the quest for the Orb.
     0 | D:1      | Reached XP level 1. HP: 19/19 MP: 0/0
    90 | D:1      | Found Woinagal's Assorted Antiques.
   270 | D:1      | Reached XP level 2. HP: 27/27 MP: 1/1
   496 | D:1      | Found a faded altar of an unknown god.
  1180 | D:2      | Reached XP level 3. HP: 32/33 MP: 2/2
  1697 | D:2      | HP: 1/33 [poisoned by an adder]
  1698 | D:2      | Succumbed to an adder's poison

Illustrated notes

Levels and vault maps discovered:
D:1:      dpeg_arrival_yet_another_circle, layout_loops_ring,
          hellmonk_ecumenical_altar_zigzags, serial_shops, shop_fountains,
          minmay_hexomino_p4
D:2:      layout_basic, roderic_lattice_a

Skill      XL: |  1  2 |
---------------+-------+-----
Axes           | 4 |  4.5
Fighting       | 4 |  4.2
Dodging        | |  3.8
Stealth        | |  1.9

Action                   || total
-------------------------++-------
Melee: Hand axe          ||    75
       Headbutt          ||    13
 Stab: Sleeping          ||     4
Armor: Robe              ||    14
Dodge: Dodged            ||    57
